 Dungeon Crawl Stone Soup version 0.30.0-29-ga12c61a403 (webtiles) character file.

Game seed: 11986503527761455258

21 ChiefBigBeans the Ducker (level 2, 0/23 HPs)
             Began as a Demonspawn Gladiator on June 21, 2023.
             Slain by an orc priest
             ... wielding a +0 short sword
              (3 damage)
             ... on level 2 of the Dungeon.
             The game lasted 00:01:15 (954 turns).

ChiefBigBeans the Ducker (Demonspawn Gladiator)      Turns: 954, Time: 00:01:17

Health: 0/23       AC:  6    Str: 14    XL:     2   Next: 62%
Magic:  2/2        EV: 11    Int:  9    God:
Gold:   35         SH:  0    Dex: 14    Spells: 1/1 levels left

rFire   . . .        g - +0 hand axe (venom)
rCold   . . .        (no shield)
rNeg    . . .        k - +0 ring mail
rPois   .            c - +0 helmet
rElec   .            (no cloak)
rCorr   .            (no gloves)
SInv    .            (no boots)
Will    .....        (no amulet)
Stlth   +            (no ring)
HPRegen 0.23/turn    (no ring)
MPRegen 0.08/turn

%: no passive effects
@: no status effects
A: powered by pain 1
a: no special abilities


You were on level 2 of the Dungeon.
You visited 1 branch of the dungeon, and saw 2 of its levels.

You collected 35 gold pieces.

Inventory:

Hand Weapons
 a - a +0 trident
 g - a +0 hand axe of venom (weapon)
Missiles
 d - 3 throwing nets (quivered)
 e - a javelin
Armour
 b - a +0 leather armour
 c - a +0 helmet (worn)
 k - a +0 ring mail (worn)
Jewellery
 f - an amulet of faith
 i - a ring of fire
Scrolls
 j - a scroll of teleportation {unknown}
Potions
 h - a potion of cancellation {unknown}


   Skills:
 + Level 2.3 Fighting
 + Level 0.5(1.8) Axes
 - Level 2.7(2.8) Polearms
 - Level 1.8 Throwing
 + Level 0.6 Armour
 + Level 3.0 Dodging


You had one spell level left.
You didn't know any spells.
Your spell library was empty.

Dungeon Overview and Level Annotations

Branches:
Dungeon (2/15)

Altars:


Innate Abilities, Weirdness & Mutations

You sometimes gain a little power by taking damage.


Message History

The orc wizard gestures wildly while chanting.
The orc wizard flickers and vanishes!
Deactivating autopickup; reactivate with Ctrl-A.
An orc comes into view. It is wielding a +0 flail.
You barely miss the orc.
The orc shouts!
You hit the orc but do no damage.
The orc is poisoned.
The orc barely misses you. The orc hits you with a +0 hand axe.
You closely miss the orc.
The orc is lightly wounded.
You closely miss the orc. The orc hits you but does no damage.
You hit the orc.
The orc is almost dead.
You hit the orc.
The orc is poisoned.
You kill the orc! x2
The orc priest looks satisfied for a moment.
Your Dodging skill increases to level 3!
You hit the orc priest.
The orc priest is moderately wounded.
The orc priest hits you but does no damage.
You hit the orc priest.
The orc priest is poisoned.
The orc priest is heavily wounded.
You hit the orc priest.
The orc priest looks as sick as possible!
The orc priest is severely wounded.
You hit the orc.
The orc is poisoned.
The orc hits you with a +0 flail.
The orc priest hits you with a +0 short sword.
You hit the orc priest but do no damage.
The orc priest looks as sick as possible!
The orc priest is almost dead.
You barely miss something. You closely miss the orc. You hit the orc.
You kill the orc!
Something hits you.
The orc priest mumbles some strange prayers to Beogh against you.
Beogh smites you!
* * * LOW HITPOINT WARNING * * *
The orc barely misses you. Something hits you but does no damage.
The orc completely misses you.
The orc priest hits you with a +0 short sword.
You die...

.....................
<#.#.##.....#.......
.#.#........#......
.#...##.#.........
.###.#..##..####.# .#
#>#.###..####.###^#
.# #.#. #...........#
.# #.##
#..##...####### .#
#.# #......@o......
#.. .........o)..####
### #.##.#...........
#. #.#.#.......#. )
..#.#.#...#.# ##
###..#.......#
...#.......# .. #.
.....#


You could see an orc priest (extremely poisoned) and an orc.

Vanquished Creatures
  3 orcs (D:2)
  2 ball pythons (D:1)
  3 endoplasms (D:1)
  2 goblins (D:1)
  2 hobgoblins (D:1)
  A kobold (D:2)
  A quokka (D:1)
  A frilled lizard (D:1)
  A rat (D:1)
16 creatures vanquished.

Notes
Turn   | Place    | Note
-------+----------+-------------------------------------------
     0 | D:1      | ChiefBigBeans the Demonspawn Gladiator began the quest for
                  | the Orb.
     0 | D:1      | Reached XP level 1. HP: 16/16 MP: 1/1
   678 | D:1      | Gained mutation: You sometimes gain a little power by
                  | taking damage. [demonic ancestry]
   678 | D:1      | Reached XP level 2. HP: 17/22 MP: 2/2
   951 | D:2      | Reached skill level 3 in Dodging
   954 | D:2      | Slain by an orc priest

Illustrated notes

Levels and vault maps discovered:
D:1:      matt_arrival_los_fun, layout_loops_corners, minmay_strange_pillars
D:2:      cheibrodos_pilgrimage, layout_loops_ring,
          shapermc_ecumenical_altar_mp_ritualfount

Skill      XL: |  1  2 |
---------------+-------+-----
Dodging        | 3 |  3.0
Fighting       | |  2.3
Axes           | |  0.5
Polearms       | |  2.7
Throwing       | |  1.8
Armour         | |  0.6

Action                     || total
---------------------------++-------
  Melee: Hand axe          ||    32
         Trident           ||     8
         Punch             ||     1
   Stab: Sleeping          ||     1
 Armour: Leather armour    ||     9
         Ring mail         ||     8
  Dodge: Dodged            ||    19
